Map: Corrosion EC

Players

Kutík - Winner!

  • Race: Zerg Zerg
  • Spawn Location: 5:00

HoldTheDoor

  • Race: Protoss Protoss
  • League: Diamond
  • Spawn Location: 11:00

VOD

Have the link to the VOD?

Description

Time

  • Played on: July 7, 2018, 3:24 p.m.
  • Length: 14:43
Show
View Real Time Build Order
Export as new Build Order

Kutík Zerg - Winner!

Build Orders: Pool First 

Get SALT Encoding   

  12  0:07  Drone  
  13  0:14  Drone  
  13  0:18  Overlord  
  14  0:37  Spawning Pool  
  13  0:47  Drone  
  13  0:48  Drone x2  
  16  0:59  Drone  
  17  1:17  Hatchery  
  17  1:25  Zergling x2  
  17  1:26  Zergling x2  
  17  1:32  Queen  
  20  1:40  Drone  
  21  1:49  Drone  
  22  1:59  Extractor  
  21  2:04  Extractor  
  21  2:05  Drone x2  
  22  2:30  Drone x2  
  22  2:50  Drone x3  
  22  2:51  Drone  
  26  2:54  Queen  
  26  2:57  Overlord x2  
  28  3:17  Roach Warren  
  27  3:28  Drone x3  
  30  3:44  Drone  
  30  3:46  Drone x3  
  30  3:47  Drone x2  
  37  3:55  Drone  
  37  4:00  Lair  
  37  4:03  Drone x3  
  37  4:09  Drone  
  41  4:12  Drone  
  42  4:23  Roach  
  44  4:24  Overlord x3  
  44  4:29  Overlord  
  44  4:30  Overlord  
  44  4:48  Roach x4  
  52  4:53  Roach x2  
  52  4:54  Roach  
  58  5:03  Glial Reconstitution  
  58  5:10  Roach x2  
  58  5:13  Roach x3  
  68  5:32  Roach  
  68  5:34  Roach x3  
  76  5:38  Roach x2  
  76  5:39  Roach x2  
  81  6:00  Roach x2  
  83  6:08  Overlord x3  
  83  6:17  Zergling x2  
  84  6:19  Overlord x2  
  84  6:31  Roach x2  
  88  6:34  Roach x4  
  64  7:19  Roach  
  64  7:20  Roach x2, Zergling x6  
  64  7:22  Hatchery  
  69  7:24  Roach x3  
  69  7:25  Roach x3  
  65  8:13  Evolution Chamber  
  65  8:14  Evolution Chamber  
  42  9:07  Queen  
  40  9:16  Roach x15  
  40  9:17  Roach x9  
  84  9:19  Zerg Missile Weapons Level 1  
  84  9:26  Extractor  
  84  9:27  Extractor  
  82  9:42  Zergling x4  
  82  9:43  Zergling x16  
  92  9:51  Drone x2  
  94  10:03  Overlord x2  
  94  10:11  Metabolic Boost  
  94  10:20  Zergling x2  
  94  10:21  Zergling x16  
  103  10:24  Zerg Ground Armor Level 1  
  103  10:28  Drone x2  
  103  10:29  Drone  
  106  10:46  Roach  
  106  10:47  Roach x7  
  106  10:48  Overlord x3  
  88  11:30  Roach x4  
  88  11:31  Roach x10  
  96  11:44  Hydralisk Den  
  96  11:45  Zerg Missile Weapons Level 2  
  90  11:48  Drone x8  
  90  12:05  Drone  
  90  12:06  Drone x3  
  94  12:10  Extractor  
  94  12:12  Drone  
  94  12:13  Drone x4  
  94  12:15  Extractor  
  97  12:16  Grooved Spines  
  97  12:17  Hydralisk x2  
  101  12:30  Hydralisk  
  101  12:31  Hydralisk x6  
  115  12:42  Drone  
  115  12:43  Drone  
  117  12:51  Drone x2  
  117  12:52  Drone x4  
  123  12:59  Drone  
  123  13:00  Hydralisk x5  
  127  13:21  Drone x2, Spore Crawler  
  128  13:27  Muscular Augments  
  128  13:37  Roach  
  128  13:38  Roach x6  
  128  13:40  Hydralisk  
  144  13:45  Hatchery  
  143  14:00  Spore Crawler  
  142  14:09  Infestation Pit  
  141  14:10  Drone x2  
Show
View Real Time Build Order
Export as new Build Order

HoldTheDoor Protoss 

Build Orders:  

Get SALT Encoding   

  12  0:00  Probe  
  13  0:13  Probe  
  14  0:20  Pylon  
  14  0:25  Probe  
  15  0:37  Probe  
  15  0:41  Gateway  
  16  0:45  Assimilator, Probe  
  17  0:53  Probe  
  18  1:05  Probe  
  19  1:20  Gateway  
  19  1:21  Probe  
  19  1:25  Assimilator  
  20  1:27  Zealot  
  20  1:30  Cybernetics Core  
  20  1:37  Probe  
  23  1:53  Pylon  
  23  2:03  Adept  
  23  2:08  Warp Gate  
  23  2:11  Probe, Adept  
  28  2:23  Probe  
  28  2:25  Pylon  
  29  2:36  Probe  
  30  2:42  Sentry  
  31  2:48  Probe  
  32  3:00  Probe  
  32  3:01  Twilight Council  
  33  3:09  Adept  
  33  3:12  Probe  
  36  3:24  Probe  
  37  3:30  Nexus  
  37  3:36  Probe  
  38  3:45  Robotics Facility  
  38  3:50  Resonating Glaives  
  38  4:00  Probe, Pylon  
  39  4:16  Pylon  
  39  4:18  Probe  
  39  4:19  Pylon  
  39  4:23  Sentry x2  
  44  4:25  Warp Prism  
  44  4:30  Probe  
  47  4:42  Probe  
  48  4:47  Gateway  
  48  4:49  Probe  
  49  5:02  Probe, Immortal  
  49  5:05  Probe  
  54  5:10  Probe  
  56  5:15  Adept x2  
  56  5:20  Probe x2  
  60  5:23  Pylon  
  62  5:35  Gateway  
  62  5:37  Gateway  
  62  5:40  Pylon  
  62  5:57  Immortal  
  66  6:13  Gateway  
  66  6:14  Adept x2  
  70  6:22  Gateway  
  70  6:23  Gateway  
  70  6:26  Gateway  
  70  6:29  Gateway  
  70  6:34  Pylon  
  70  6:36  Pylon  
  70  6:40  Adept x3  
  58  7:01  Adept x3  
  48  7:16  Immortal  
  48  7:21  Adept x4  
  48  7:22  Adept x4  
  50  7:41  Adept  
  50  7:42  Adept x4  
  50  7:43  Adept  
  54  7:51  Adept x2  
  56  8:04  Stalker  
  56  8:05  Stalker, Immortal  
  60  8:10  Probe x2  
  66  8:16  Assimilator  
  66  8:26  Stalker x2  
  70  8:27  Stalker  
  70  8:34  Stalker  
  60  8:39  Stalker  
  52  8:46  Zealot x3  
  50  8:57  Zealot x3  
  50  9:06  Stalker x2  
  50  9:08  Immortal  
  50  9:21  Probe x2  
  56  9:25  Assimilator  
  56  9:27  Stalker  
  58  9:31  Stalker  
  60  9:50  Stalker  
  60  9:51  Stalker x2  
  66  10:04  Probe x2  
  68  10:14  Stargate  
  68  10:16  Probe  
  68  10:17  Adept x2  
  73  10:29  Immortal  
  77  10:49  Probe x2  
  79  10:56  Pylon  
  79  11:02  Stalker x2  
  79  11:03  Stalker  
  85  11:05  Zealot x2  
  85  11:06  Zealot x5  
  71  11:26  Stalker x3  
  71  11:27  Stalker x2  
  71  11:31  Stalker  
  61  11:41  Zealot x2  
  61  11:42  Zealot  
  60  11:50  Stalker  
  60  11:52  Stalker  
  62  11:56  Immortal  
  62  12:01  Probe x2  
  68  12:16  Void Ray  
  72  12:33  Nexus  
  72  12:35  Probe  
  73  12:46  Adept x2  
  77  13:19  Pylon  
  77  13:24  Shield Battery, Void Ray  
  77  13:25  Pylon  
  77  13:29  Shield Battery  
  77  13:32  Pylon  
  81  13:44  Probe  
  81  13:46  Probe  
  83  13:51  Assimilator  
  83  13:53  Sentry x2  
  87  13:56  Stalker x3  
  87  13:59  Void Ray  
  87  14:00  Sentry  
  99  14:13  Probe  
  99  14:14  Probe  
  99  14:16  Probe  
  102  14:26  Pylon  
  98  14:33  Zealot  
  98  14:34  Zealot x3  
Tags
 
League
Diamond
Matchup
PvZ
Opening
Pool First
Spawn Locations
Cross Positions
Add a new tag
Caveats
  • Supply blocks, unpowered buildings, or Contaminate may cause inaccurate times.
  • Supply counts are checked every 10 seconds.